[ AOE2 MATCH · #506684780 ]
UnrankedFranks vs Malay
Player's team · WIN
Rival team · LOSS
[ REPLAY ANALYSIS · EXTRACTED FROM THE RECORDED GAME ]
Feudal
13:04
Castle
25:57
Imperial
36:12
| APM avg | 37.6 |
| APM peak | 87 |
| eAPM avg | 23.8 |
| Villagers / military | 144 / 117 |
Focus
⚔️ 27.7% · 🌾 72.3%
Knight ×81 · Fishing Ship ×16 · Throwing Axeman ×16 · Scout Cavalry ×6 · Trebuchet (Packed) ×5 · Mangonel ×4
Feudal
11:48
Castle
20:30
Imperial
37:24
| APM avg | 44.9 |
| APM peak | 93 |
| eAPM avg | 33.0 |
| Villagers / military | 225 / 85 |
Focus
⚔️ 29.5% · 🌾 70.5%
Spearman ×45 · Archer ×25 · Mangonel ×11 · Bombard Cannon ×3 · Monk ×1
Match map
Initial resources + every placement click. Lines = walls · curves = elevation contours. ◆ gold · ⬟ stone · ● berries · ✦ relic · ◌ wall gap
Your base· ✓ Closed at 25:57 · 59t walls · no gate
Mycroft's base· ✓ Closed at 20:30 · 15t walls · no gate
Smoothed initial terrain · ◌ = detected wall gap · hover for details
Inputs per minute
— Riut - - Mycroft
Build order — Riut
First 150 of 450 actions detected
| 0:00 | Create | Villager (Male) |
| 0:01 | Research | Loom |
| 0:01 | Create | Villager (Male) |
| 0:01 | Create | Villager (Male) |
| 0:01 | Create | Villager (Male) |
| 0:02 | Build | House |
| 0:05 | Build | House |
| 3:00 | Create | Villager (Male) |
| 3:00 | Create | Villager (Male) |
| 4:13 | Build | Palisade Wall |
| 4:22 | Create | Villager (Male) |
| 4:22 | Create | Villager (Male) |
| 4:40 | Build | Lumber Camp |
| 5:01 | Create | Villager (Male) |
| 5:02 | Create | Villager (Male) |
| 5:02 | Create | Villager (Male) |
| 5:36 | Create | Villager (Male) |
| 5:36 | Create | Villager (Male) |
| 6:06 | Create | Villager (Male) |
| 6:06 | Create | Villager (Male) |
| 6:06 | Create | Villager (Male) |
| 6:10 | Build | House |
| 6:39 | Create | Villager (Male) |
| 6:39 | Create | Villager (Male) |
| 6:39 | Create | Villager (Male) |
| 7:01 | Create | Villager (Male) |
| 7:01 | Create | Villager (Male) |
| 7:22 | Create | Villager (Male) |
| 7:23 | Create | Villager (Male) |
| 7:33 | Build | Mill |
| 7:48 | Create | Villager (Male) |
| 7:48 | Create | Villager (Male) |
| 7:48 | Create | Villager (Male) |
| 7:49 | Create | Villager (Male) |
| 8:24 | Create | Villager (Male) |
| 8:25 | Create | Villager (Male) |
| 8:25 | Create | Villager (Male) |
| 8:38 | Create | Villager (Male) |
| 8:38 | Create | Villager (Male) |
| 8:53 | Create | Villager (Male) |
| 8:57 | Build | House |
| 9:42 | Create | Villager (Male) |
| 10:07 | Create | Villager (Male) |
| 10:27 | Build | Palisade Wall |
| 10:28 | Build | Palisade Wall |
| 10:54 | Research | Feudal Age |
| 11:16 | Build | Lumber Camp |
| 11:18 | Build | Lumber Camp |
| 11:52 | Build | Palisade Wall |
| 11:59 | Build | Palisade Wall |
| 12:27 | Build | Dock |
| 12:33 | Create | Villager (Male) |
| 12:33 | Create | Villager (Male) |
| 12:50 | Build | Palisade Wall |
| 13:04 | Age | Feudal Age |
| 13:07 | Build | Stone Wall |
| 13:24 | Research | Double-Bit Axe |
| 13:33 | Build | Outpost |
| 13:38 | Create | Fishing Ship |
| 13:43 | Build | House |
| 13:44 | Build | House |
| 13:46 | Create | Villager (Male) |
| 14:03 | Build | Watch Tower |
| 14:09 | Create | Villager (Male) |
| 14:25 | Create | Fishing Ship |
| 14:27 | Create | Fishing Ship |
| 14:28 | Create | Villager (Male) |
| 14:31 | Build | Mining Camp |
| 14:43 | Build | House |
| 15:00 | Create | Villager (Male) |
| 15:08 | Build | Blacksmith |
| 15:13 | Create | Fishing Ship |
| 15:14 | Create | Villager (Male) |
| 15:14 | Create | Villager (Male) |
| 15:34 | Research | Tech 906 |
| 15:38 | Create | Fishing Ship |
| 15:41 | Build | House |
| 15:43 | Create | Villager (Male) |
| 15:53 | Research | Fletching |
| 16:07 | Create | Fishing Ship |
| 16:30 | Create | Villager (Male) |
| 16:43 | Create | Fishing Ship |
| 16:48 | Build | Dock |
| 16:54 | Build | Fish Trap |
| 17:31 | Create | Villager (Male) |
| 17:31 | Create | Villager (Male) |
| 17:31 | Create | Villager (Male) |
| 17:31 | Create | Villager (Male) |
| 17:31 | Create | Villager (Male) |
| 17:43 | Create | Fishing Ship |
| 17:43 | Create | Fishing Ship |
| 18:04 | Create | Fishing Ship |
| 18:04 | Create | Fishing Ship |
| 18:04 | Create | Fishing Ship |
| 18:18 | Build | Fish Trap |
| 18:29 | Create | Villager (Male) |
| 18:29 | Create | Villager (Male) |
| 18:47 | Create | Villager (Male) |
| 18:48 | Create | Villager (Male) |
| 18:48 | Create | Villager (Male) |
| 18:48 | Create | Villager (Male) |
| 18:59 | Build | House |
| 19:06 | Build | Fish Trap |
| 19:09 | Build | Fish Trap |
| 19:10 | Create | Fishing Ship |
| 19:11 | Create | Fishing Ship |
| 19:45 | Build | Fish Trap |
| 19:48 | Build | Fish Trap |
| 20:00 | Build | Mining Camp |
| 20:06 | Create | Villager (Male) |
| 20:07 | Build | House |
| 20:08 | Build | House |
| 20:16 | Build | Fish Trap |
| 20:31 | Build | Farm |
| 20:32 | Research | Forging |
| 20:40 | Build | Farm |
| 20:42 | Build | Farm |
| 20:51 | Create | Villager (Male) |
| 20:58 | Build | Fish Trap |
| 21:03 | Build | Fish Trap |
| 21:07 | Build | Fish Trap |
| 21:10 | Create | Villager (Male) |
| 21:27 | Build | Market |
| 21:31 | Create | Villager (Male) |
| 21:51 | Build | Mill |
| 21:56 | Create | Villager (Male) |
| 21:58 | Build | Farm |
| 22:34 | Create | Fishing Ship |
| 22:34 | Create | Fishing Ship |
| 22:44 | Build | Barracks |
| 23:08 | Build | Stone Wall |
| 23:16 | Build | Stone Wall |
| 23:17 | Research | Castle Age |
| 23:24 | Build | Fish Trap |
| 23:29 | Build | Fish Trap |
| 23:47 | Build | Stable |
| 23:48 | Research | Forging |
| 24:02 | Build | Outpost |
| 24:17 | Build | Stone Wall |
| 24:21 | Build | Stone Wall |
| 24:30 | Build | Stable |
| 24:35 | Create | Scout Cavalry |
| 24:35 | Create | Scout Cavalry |
| 24:41 | Build | Farm |
| 24:45 | Build | Farm |
| 24:57 | Build | Farm |
| 25:13 | Create | Scout Cavalry |
| 25:15 | Create | Scout Cavalry |
| 25:16 | Create | Scout Cavalry |
| 25:16 | Create | Scout Cavalry |
Build order — Mycroft
First 150 of 485 actions detected
| 0:00 | Create | Villager (Male) ×4 |
| 0:01 | Build | House |
| 0:02 | Build | House |
| 0:10 | Research | Loom |
| 0:11 | Create | Villager (Male) ×2 |
| 0:20 | Research | Loom |
| 0:20 | Create | Villager (Male) ×3 |
| 1:58 | Build | Palisade Wall |
| 2:00 | Build | Palisade Wall |
| 2:01 | Build | Palisade Wall |
| 2:17 | Create | Villager (Male) |
| 2:18 | Create | Villager (Male) |
| 3:03 | Build | Palisade Wall |
| 3:11 | Build | Palisade Wall |
| 3:55 | Create | Villager (Male) |
| 4:13 | Build | Palisade Wall |
| 4:44 | Create | Villager (Male) |
| 5:19 | Create | Villager (Male) |
| 5:38 | Create | Villager (Male) |
| 6:03 | Create | Villager (Male) |
| 6:16 | Build | Lumber Camp |
| 6:19 | Create | Villager (Male) |
| 6:51 | Create | Villager (Male) |
| 7:06 | Create | Villager (Male) |
| 7:24 | Create | Villager (Male) |
| 7:34 | Build | House |
| 7:35 | Create | Villager (Male) |
| 8:14 | Build | Palisade Wall |
| 8:24 | Create | Villager (Male) |
| 8:31 | Create | Villager (Male) |
| 8:43 | Build | Mill |
| 9:01 | Create | Villager (Male) |
| 9:34 | Build | House |
| 9:41 | Create | Villager (Male) |
| 10:23 | Create | Villager (Male) |
| 10:30 | Research | Feudal Age |
| 10:48 | Build | Mill |
| 11:18 | Build | Mining Camp |
| 11:38 | Create | Villager (Male) |
| 11:48 | Age | Feudal Age |
| 11:52 | Build | Watch Tower |
| 11:57 | Research | Double-Bit Axe |
| 12:03 | Create | Villager (Male) |
| 12:18 | Create | Villager (Male) |
| 12:33 | Create | Villager (Male) |
| 12:49 | Create | Villager (Male) |
| 13:00 | Build | House |
| 13:07 | Create | Villager (Male) |
| 13:11 | Create | Villager (Male) |
| 13:30 | Build | Farm |
| 13:32 | Build | Farm |
| 13:38 | Build | Farm |
| 13:39 | Create | Villager (Male) |
| 13:58 | Build | Watch Tower |
| 13:59 | Create | Villager (Male) |
| 14:15 | Build | Farm |
| 14:19 | Create | Villager (Male) |
| 14:28 | Build | House |
| 14:42 | Create | Villager (Male) |
| 14:59 | Create | Villager (Male) |
| 15:03 | Build | Farm |
| 15:29 | Build | Mining Camp |
| 15:38 | Create | Villager (Male) |
| 15:54 | Create | Villager (Male) |
| 16:07 | Create | Villager (Male) |
| 16:13 | Create | Villager (Male) |
| 16:26 | Create | Villager (Male) |
| 16:29 | Build | Farm |
| 16:31 | Build | Blacksmith |
| 16:35 | Create | Villager (Male) |
| 16:37 | Build | House |
| 16:47 | Create | Villager (Male) |
| 17:00 | Build | Farm |
| 17:07 | Create | Villager (Male) |
| 17:23 | Build | Market |
| 17:25 | Create | Villager (Male) |
| 17:33 | Create | Villager (Male) |
| 17:43 | Create | Villager (Male) |
| 17:51 | Create | Villager (Male) |
| 17:58 | Build | Farm |
| 18:06 | Create | Villager (Male) |
| 18:25 | Create | Villager (Male) |
| 18:36 | Create | Villager (Male) |
| 18:54 | Research | Castle Age |
| 18:54 | Research | Castle Age |
| 19:15 | Research | Horse Collar |
| 19:26 | Build | Farm |
| 19:28 | Build | Farm |
| 19:35 | Build | House |
| 19:54 | Create | Villager (Male) |
| 20:30 | Age | Castle Age |
| 20:32 | Build | Siege Workshop |
| 20:33 | Research | Bow Saw |
| 20:47 | Create | Villager (Male) |
| 21:01 | Create | Villager (Male) |
| 21:05 | Create | Mangonel |
| 21:09 | Create | Mangonel |
| 21:10 | Create | Villager (Male) |
| 21:15 | Research | Town Watch |
| 21:15 | Create | Villager (Male) |
| 21:22 | Create | Villager (Male) |
| 21:40 | Create | Villager (Male) |
| 21:59 | Create | Villager (Male) |
| 22:02 | Create | Mangonel |
| 22:16 | Create | Villager (Male) |
| 22:19 | Create | Villager (Male) |
| 22:24 | Create | Villager (Male) |
| 22:39 | Build | House |
| 22:53 | Create | Villager (Male) |
| 23:07 | Build | House |
| 23:19 | Build | Outpost |
| 23:29 | Build | Town Center |
| 23:32 | Create | Villager (Male) |
| 23:34 | Research | Wheelbarrow |
| 23:36 | Create | Villager (Male) |
| 23:41 | Create | Villager (Male) |
| 23:58 | Create | Villager (Male) |
| 24:02 | Create | Mangonel |
| 24:03 | Create | Mangonel |
| 24:04 | Create | Villager (Male) |
| 24:18 | Create | Villager (Male) |
| 24:32 | Create | Villager (Male) |
| 24:44 | Build | Outpost |
| 24:53 | Create | Mangonel |
| 24:58 | Create | Villager (Male) |
| 25:01 | Create | Villager (Male) |
| 25:07 | Create | Villager (Male) |
| 25:10 | Create | Villager (Male) |
| 25:14 | Build | Outpost |
| 25:50 | Create | Villager (Male) |
| 26:05 | Build | Castle |
| 26:22 | Build | Stone Wall |
| 26:25 | Create | Villager (Male) |
| 26:27 | Build | Stone Wall |
| 26:28 | Build | Stone Wall |
| 26:29 | Build | Stone Wall |
| 26:30 | Build | Stone Wall |
| 26:31 | Build | Stone Wall |
| 26:34 | Build | Palisade Wall |
| 26:36 | Build | Palisade Wall |
| 26:38 | Create | Villager (Male) |
| 26:43 | Create | Villager (Male) |
| 26:52 | Build | Stone Wall |
| 27:16 | Build | Stone Wall |
| 27:25 | Create | Villager (Male) |
| 27:34 | Build | Stone Wall |
| 27:43 | Create | Villager (Male) |
| 27:50 | Build | Stone Wall |
| 28:00 | Build | Town Center |
| 28:02 | Create | Villager (Male) |
Match timeline
| 1:58 | Mycroft · wall_segment Palisade Wall x1 |
| 2:00 | Mycroft · wall_segment Palisade Wall x1 |
| 2:01 | Mycroft · wall_segment Palisade Wall x1 |
| 3:03 | Mycroft · wall_segment Palisade Wall x4 |
| 3:11 | Mycroft · wall_segment Palisade Wall x1 |
| 4:13 | Mycroft · wall_segment Palisade Wall x5 |
| 4:13 | Riut · wall_segment Palisade Wall x7 |
| 8:14 | Mycroft · wall_segment Palisade Wall x2 |
| 10:27 | Riut · wall_segment Palisade Wall x3 |
| 10:28 | Riut · wall_segment Palisade Wall x4 |
| 11:48 | Mycroft · age_up feudal |
| 11:52 | Riut · wall_segment Palisade Wall x3 |
| 11:59 | Riut · wall_segment Palisade Wall x9 |
| 12:27 | Riut · first_building Dock |
| 12:50 | Riut · wall_segment Palisade Wall x1 |
| 13:04 | Riut · age_up feudal |
| 13:07 | Riut · wall_segment Stone Wall x8 |
| 20:30 | Mycroft · age_up castle |
| 20:32 | Mycroft · first_building Siege Workshop |
| 22:44 | Riut · first_building Barracks |
| 23:08 | Riut · wall_segment Stone Wall x8 |
| 23:16 | Riut · wall_segment Stone Wall x10 |
| 23:47 | Riut · first_building Stable |
| 24:17 | Riut · wall_segment Stone Wall x1 |
| 24:21 | Riut · wall_segment Stone Wall x8 |
| 25:57 | Riut · age_up castle |
| 26:05 | Mycroft · first_building Castle |
| 26:22 | Mycroft · wall_segment Stone Wall x1 |
| 26:27 | Mycroft · wall_segment Stone Wall x1 |
| 26:28 | Mycroft · wall_segment Stone Wall x1 |
| 26:29 | Mycroft · wall_segment Stone Wall x1 |
| 26:30 | Mycroft · wall_segment Stone Wall x1 |
| 26:31 | Mycroft · wall_segment Stone Wall x1 |
| 26:34 | Mycroft · wall_segment Palisade Wall x1 |
| 26:36 | Mycroft · wall_segment Palisade Wall x1 |
| 26:52 | Mycroft · wall_segment Stone Wall x7 |
| 27:16 | Mycroft · wall_segment Stone Wall x1 |
| 27:34 | Mycroft · wall_segment Stone Wall x1 |
| 27:50 | Mycroft · wall_segment Stone Wall x14 |
| 27:58 | Mycroft · first_market_buy 100 stone |
| 28:34 | Riut · first_market_buy 100 wood |
| 28:57 | Riut · first_market_sell 100 food |
| 29:07 | Mycroft · first_building Monastery |
| 29:31 | Riut · first_building Monastery |
| 30:07 | Riut · first_building Siege Workshop |
| 32:34 | Mycroft · wall_segment Stone Wall x5 |
| 33:19 | Riut · first_building Castle |
| 35:29 | Mycroft · first_market_sell 100 wood |
| 35:51 | Mycroft · wall_segment Stone Wall x1 |
| 36:12 | Riut · age_up imperial |
| 36:41 | Mycroft · first_building Barracks |
| 37:20 | Mycroft · wall_segment Stone Wall x8 |
| 37:24 | Mycroft · age_up imperial |
| 37:48 | Mycroft · wall_segment Stone Wall x7 |
| 37:58 | Mycroft · wall_segment Stone Wall x4 |
| 38:01 | Mycroft · wall_segment Stone Wall x3 |
| 38:13 | Mycroft · wall_segment Stone Wall x6 |
| 38:29 | Mycroft · wall_segment Stone Wall x5 |
| 38:33 | Mycroft · first_building Archery Range |
| 39:13 | Mycroft · wall_segment Stone Wall x17 |
| 39:29 | Mycroft · wall_segment Stone Wall x6 |
| 39:34 | Mycroft · wall_segment Stone Wall x7 |
| 39:37 | Mycroft · wall_segment Stone Wall x5 |
| 39:38 | Mycroft · wall_segment Stone Wall x6 |
| 40:44 | Mycroft · wall_segment Stone Wall x6 |
| 40:46 | Mycroft · wall_segment Stone Wall x3 |
| 42:21 | Mycroft · wall_segment Stone Wall x1 |
| 42:34 | Mycroft · wall_segment Stone Wall x3 |
| 42:52 | Mycroft · wall_segment Stone Wall x3 |
| 42:55 | Mycroft · wall_segment Stone Wall x3 |
| 45:37 | Mycroft · resign |
[ AI ANALYSIS · 1 CREDIT ]
What really happened in this match?
Wolo.gg analyzes every decision: build order, eco, micro, common mistakes by bracket. Personalized analysis on WhatsApp or Discord in 30 seconds.
Civ guide
Franks
Perfil
Jugador #1045839